 Dungeon Crawl Stone Soup version 0.22-a0-305-gd21a89c (webtiles) character file.

11190 stupendous the Fencer (level 12, -3/88 HPs)
             Began as a Formicid Fighter on Mar 23, 2018.
             Was a Believer of Okawaru.
             Killed from afar by a gargoyle (11 damage)
             ... with a stone arrow
             ... on level 10 of the Dungeon on Mar 29, 2018.
             The game lasted 00:38:44 (11352 turns).

stupendous the Fencer (Formicid Fighter)           Turns: 11352, Time: 00:38:45

Health: -3/88      AC: 15    Str: 20    XL:     12   Next: 4%
Magic:  12/12      EV:  3    Int: 10    God:    Okawaru [**....]
Gold:   453        SH: 16    Dex: 14    Spells: 11/11 levels left

rFire    . . .     SeeInvis +   a - +0 long sword (elec)
rCold    . . .     Gourm    .   m - +1 large shield
rNeg     . . .     Faith    .   A - +0 plate armour
rPois    +         Spirit   .   (helmet unavailable)
rElec    .         Reflect  .   q - +1 cloak
rCorr    .         Harm     .   (no gloves)
MR       +....                  (no boots)
Stlth    ..........             r - amulet of the acrobat
HPRegen  0.24/turn              i - ring of flight
MPRegen  0.13/turn              G - ring of poison resistance

@: no status effects
A: permanent stasis, dig shafts and tunnels, four strong arms, antennae 3
a: Dig, Shaft Self, Heroism, Renounce Religion, Evoke Flight


You were on level 10 of the Dungeon.
You worshipped Okawaru.
Okawaru was pleased with you.
You were not hungry.

You visited 2 branches of the dungeon, and saw 11 of its levels.
You also visited: Ossuary.

You collected 453 gold pieces.

Inventory:

Hand Weapons
 a - a +0 long sword of electrocution (weapon)
 l - a +2 falchion of pain
 s - a +2 long sword of holy wrath
Armour
 m - a +1 large shield (worn)
 q - a +1 cloak (worn)
 A - a +0 plate armour (worn)
 C - a +1 scale mail of cold resistance
Jewellery
 i - a ring of flight (left hand)
 j - an uncursed ring of flight
 r - an amulet of the acrobat (around neck)
 t - an uncursed amulet of faith
 w - an uncursed amulet of regeneration
 G - a ring of poison resistance (right hand)
Wands
 z - a wand of iceblast (8)
 F - a wand of paralysis (13)
 I - a wand of flame (22)
Scrolls
 b - 4 scrolls of identify
 h - 7 scrolls of remove curse
 o - a scroll of noise {unknown}
 u - a scroll of enchant weapon {unknown}
 y - a scroll of fog {unknown}
 E - 2 scrolls of magic mapping {unknown}
 H - a scroll of amnesia {unknown}
Potions
 c - a potion of resistance {unknown}
 d - a potion of might
 e - 2 potions of curing
 g - a potion of ambrosia
 k - 2 potions of invisibility
 n - 2 potions of flight
 p - 4 potions of lignification
 v - a potion of agility
 x - 2 potions of haste {unknown}
 B - a potion of degeneration {unknown}
 D - a potion of cancellation {unknown}
 J - a potion of heal wounds
Comestibles
 f - 22 rations
 K - 3 chunks of flesh


   Skills:
 - Level 6.0 Fighting
 + Level 15.6 Long Blades
 - Level 6.0 Armour
 - Level 6.5 Shields


You had 11 spell levels left.
You didn't know any spells.

Dungeon Overview and Level Annotations

Branches:
Dungeon (10/15)            Temple (1/1) D:7            Lair (0/6) D:9
    Orc: D:9-12

Altars:
Ashenzari
Cheibriados
Dithmenos
Elyvilon
Fedhas
Gozag
Hepliaklqana
Kikubaaqudgha
Makhleb
Nemelex Xobeh
Okawaru
Qazlal
Ru
Sif Muna
Trog
Uskayaw
Vehumet
Wu Jian
Xom
Yredelemnul
Zin
The Shining One

Shops:
D:3 *   D:4 =   D:5 ?


Innate Abilities, Weirdness & Mutations

You cannot be hasted, slowed, berserked, paralysed or teleported.
You can dig through walls and to a lower floor.
Your four strong arms can wield two-handed weapons with a shield.
You have a pair of large antennae on your head. (SInv)


Message History

You block the gargoyle's attack.
You hit the gargoyle.
The gargoyle is heavily damaged.
You block the gargoyle's attack.
You hit the gargoyle but do no damage.
The gargoyle is heavily damaged.
You hit the gargoyle.
The gargoyle is severely damaged.
You block the gargoyle's attack.
You hit the gargoyle.
The gargoyle is almost destroyed.
The gargoyle hits you with a mace!
* * * LOW HITPOINT WARNING * * *
You hit the gargoyle but do no damage.
The gargoyle is almost destroyed.
You hit the gargoyle.
The gargoyle is almost destroyed.
The gargoyle hurls a stone arrow at you.
The stone arrow hits you!
You die...

######
####....#######
...+....'.....#
...#....#.....#
...#....#.....#
...#....#.....#
#+##....#.##+####
.....####.##..#9##
.....#.....'.{{#@#
.....#.....#..####
.....#...###..#
....####+###..#
....#.....'Y..#
....#...†.#...#
....#...9.#...#
....#....O#...#
....#....##...#


You could see a gargoyle.

Vanquished Creatures
  4 two-headed ogres
  Pikel (D:8)
  A moth of wrath (D:7)
  A gargoyle (D:6)
  2 trolls (D:9)
  Grinder (D:6)
  A wyvern (D:8)
  16 yaks
  2 humans (D:9)
  A hungry ghost (D:6)
  Edmund (D:4)
  3 wargs
  A water moccasin (D:8)
  An orc warrior (D:6)
  2 black bears
  An ice beast (D:7)
  A slave (D:8)
  A phantom (D:5)
  A sky beast (D:8)
  5 ogres
  2 elf zombies (Ossuary)
  7 bullfrogs
  5 scorpions
  A wight (D:6)
  6 crimson imps
  2 bullfrog zombies (D:5)
  A centaur zombie (Ossuary)
  3 jellies
  A quasit (D:8)
  A hound (D:7)
  3 orc priests
  Crazy Yiuf (D:1)
  2 bullfrog skeletons (D:5)
  2 centaur skeletons
  4 human zombies (Ossuary)
  11 orc wizards
  4 worker ants
  3 killer bee zombies
  2 big kobold zombies (Ossuary)
  3 hound zombies
  A hound skeleton (D:4)
  3 mummies (Ossuary)
  A howler monkey skeleton (D:5)
  8 gnolls
  9 adders
  3 oozes
  An adder skeleton (D:7)
  4 adder zombies (Ossuary)
  6 worms
  2 dart slugs
  5 leopard geckos
  19 orcs
  5 ball pythons
  9 bats
  6 giant cockroaches
  8 goblins
  4 hobgoblins (D:2)
  20 jackals
  8 quokkas
  6 frilled lizards
  A giant cockroach zombie (D:5)
  6 goblin zombies (Ossuary)
  2 hobgoblin zombies (Ossuary)
  7 jackal zombies (Ossuary)
  14 kobolds
  4 kobold zombies (Ossuary)
  A leopard gecko skeleton (D:5)
  An orc zombie (Ossuary)
  A quokka skeleton (D:6)
  A quokka zombie (Ossuary)
  21 rats
  2 rat zombies (Ossuary)
300 creatures vanquished.

Vanquished Creatures (others)
  A yak (D:8)
  A slave (D:8)
2 creatures vanquished.

Grand Total: 302 creatures vanquished

Notes
Turn   | Place    | Note
-------+----------+-------------------------------------------
     0 | D:1      | stupendous the Formicid Fighter began the quest for the Orb.
     0 | D:1      | Reached XP level 1. HP: 18/18 MP: 1/1
    96 | D:1      | Reached XP level 2. HP: 15/24 MP: 2/2
   300 | D:1      | Reached XP level 3. HP: 29/29 MP: 3/3
   629 | D:2      | Reached XP level 4. HP: 15/37 MP: 4/4
   969 | D:2      | Found a shadowy altar of Dithmenos.
  1044 | D:2      | Reached skill level 3 in Long Blades
  1044 | D:2      | Reached XP level 5. HP: 33/42 MP: 5/5
  1296 | D:2      | Found a runed door.
  1300 | D:2      | Noticed Crazy Yiuf
  2040 | D:3      | Found Zin's Purification Station.
  2040 | D:3      | Found a glowing silver altar of Zin.
  2579 | D:3      | Found a shimmering altar of Xom.
  2581 | D:3      | Found a shadowy altar of Dithmenos.
  2581 | D:3      | Found a shattered altar of Ashenzari.
  2587 | D:3      | Found a white marble altar of Elyvilon.
  2587 | D:3      | Found a glowing silver altar of Zin.
  2587 | D:3      | Found a glowing silver altar of Zin.
  2942 | D:1      | Killed Crazy Yiuf
  2942 | D:1      | Reached XP level 6. HP: 29/49 MP: 6/6
  3190 | D:4      | Reached skill level 5 in Shields
  3499 | D:4      | Reached XP level 7. HP: 31/55 MP: 7/7
  3630 | D:4      | Found a snail-covered altar of Cheibriados.
  3678 | D:4      | Reached skill level 5 in Fighting
  3678 | D:4      | Reached skill level 5 in Armour
  3689 | D:4      | Reached skill level 4 in Long Blades
  3771 | D:4      | Found Vafetoq's Jewellery Emporium.
  4075 | D:4      | Noticed Edmund
  4081 | D:4      | Killed Edmund
  4342 | D:5      | Entered Level 5 of the Dungeon
  4404 | D:5      | Reached XP level 8. HP: 56/63 MP: 8/8
  4831 | D:5      | Reached skill level 5 in Long Blades
  4843 | D:5      | Found Roukung's Magic Scroll Emporium.
  5658 | D:5      | Reached skill level 6 in Long Blades
  5834 | D:6      | Noticed a gargoyle
  5960 | D:6      | Reached skill level 7 in Long Blades
  5960 | D:6      | Reached XP level 9. HP: 64/69 MP: 9/9
  6096 | D:6      | Reached skill level 8 in Long Blades
  6250 | D:6      | Killed a gargoyle
  6539 | D:6      | Noticed Grinder
  6552 | D:6      | Reached skill level 9 in Long Blades
  6575 | D:6      | Killed Grinder
  6730 | D:7      | Reached skill level 10 in Long Blades
  6985 | D:7      | Noticed a moth of wrath
  6988 | D:7      | Found a bloodstained altar of Trog.
  7024 | D:7      | Killed a moth of wrath
  7024 | D:7      | Reached XP level 10. HP: 76/76 MP: 10/10
  7079 | D:7      | Noticed a two-headed ogre
  7104 | D:7      | Found a staircase to the Ecumenical Temple.
  7120 | Temple   | Entered the Ecumenical Temple
  7289 | D:7      | Killed a two-headed ogre
  7289 | D:7      | Reached skill level 11 in Long Blades
  7862 | D:8      | Found a sand-covered staircase.
  7867 | Ossuary  | Entered an ossuary
  7926 | Ossuary  | Reached skill level 12 in Long Blades
  8337 | D:8      | Noticed a two-headed ogre
  8359 | D:8      | Killed a two-headed ogre
  8712 | D:8      | Reached skill level 13 in Long Blades
  8757 | D:8      | Noticed Pikel
  8776 | D:8      | Killed Pikel
  8776 | D:8      | Reached XP level 11. HP: 43/81 MP: 11/11
  9302 | D:8      | Noticed a two-headed ogre
  9312 | D:8      | Killed a two-headed ogre
  9312 | D:8      | Reached skill level 14 in Long Blades
  9589 | D:8      | Found a snail-covered altar of Cheibriados.
 10037 | D:9      | Noticed a five-headed hydra
 10099 | D:9      | Upgraded the game from 0.22-a0-284-g99d1f74 to 0.22-a0-305-gd21a89c
 10272 | D:9      | Found an iron altar of Okawaru.
 10293 | D:9      | Became a worshipper of Warmaster Okawaru
 10480 | D:9      | Noticed a two-headed ogre
 10493 | D:9      | Killed a two-headed ogre
 10559 | D:9      | Found a staircase to the Lair.
 10581 | D:9      | Reached * piety under Okawaru
 10736 | D:9      | Reached skill level 15 in Long Blades
 11126 | D:9      | Found a hide-covered altar of Uskayaw.
 11189 | D:10     | Entered Level 10 of the Dungeon
 11299 | D:10     | Reached ** piety under Okawaru
 11309 | D:10     | Noticed a two-headed ogre
 11313 | D:10     | Reached XP level 12. HP: 75/88 MP: 12/12
 11352 | D:10     | Killed from afar by a gargoyle

Vault maps used:
D:1:      sevenhm_arrival_forest_fort_small_6, nrook_loot_triangle
D:2:      lemuel_round_altar, serial_curves, eino_curves_04, eino_curves_04,
          uniq_crazy_yiuf_cottage
D:3:      zin_purify, doesnt_xom_only_xom
D:4:      first_ration, serial_shops, shop, minmay_ruined_shrine, uniq_edmund
D:5:      serial_shops, nicolae_shop_trees
D:6:      minmay_cornered_nines, uniq_grinder
D:7:      tgw_trog, minmay_temple_entry_mist, kennysheep_generic_room_12
D:8:      slow_altar_2, enter_ossuary_2, grunt_ogre_cave, uniq_pikel
D:9:      marbit_many_paths, okawaru_humans, erik_lair_orcish_takeover
D:10:     grunt_gozag_breadcrumbs
Temple:   regret_index_temple_waves
Ossuary:  minmay_ossuary_two_tombs

Skill      XL: |  1  2  3  4  5  6  7  8  9 10 11 |
---------------+----------------------------------+-----
Shields        | 4 5 6 |  6.5
Armour         | 4 5 6 |  6.0
Fighting       | 4 5 6 |  6.0
Long Blades    | 3 4 7 10 13 15 | 15.6

Action                   |  1- 3 |  4- 6 |  7- 9 | 10-12 || total
-------------------------+-------+-------+-------+-------++-------
Melee: Long sword        |    95 |    78 |   359 |   564 ||  1096
       Falchion          |       |   180 |    38 |       ||   218
 Abil: Dig               |       |     1 |     2 |     8 ||    11
  Use: Scroll            |       |     5 |     6 |       ||    11
       Potion            |       |       |     1 |     5 ||     6
  Eat: Chunk             |       |     9 |    15 |    12 ||    36
       Ration            |       |       |       |     1 ||     1
Armor: Scale mail        |    37 |   131 |    89 |       ||   257
       Plate armour      |       |       |    37 |   139 ||   176
Dodge: Dodged            |    25 |    78 |    64 |    45 ||   212
Block: Shield            |    58 |    88 |       |       ||   146
       Large shield      |       |    75 |   382 |   315 ||   772
       Rpst.: Long sword |     6 |    12 |    19 |    11 ||    48
       Falchion          |       |    16 |     1 |       ||    17

Table legend:
 A = Spawn XP
 B = Non-spawn XP
 C = Spawn XP percentage of total XP
 D = Spawn monster count
 E = Non-spawn monster count
 F = Spawn count percentage of total count
 G = Total turns spent on level
                    A         B        C        D         E        F      G
               +---------+---------+-------+---------+---------+-------+---------
         Total |       0 |   15987 |   0.0 |       0 |     299 |   0.0 | 11352
               +---------+---------+-------+---------+---------+-------+---------
           D:1 |       0 |      87 |   0.0 |       0 |      25 |   0.0 |  1081
           D:2 |       0 |     156 |   0.0 |       0 |      40 |   0.0 |  1205
           D:3 |       0 |      47 |   0.0 |       0 |      21 |   0.0 |   839
           D:4 |       0 |     533 |   0.0 |       0 |      28 |   0.0 |  1373
           D:5 |       0 |     969 |   0.0 |       0 |      28 |   0.0 |  1392
           D:6 |       0 |    1608 |   0.0 |       0 |      23 |   0.0 |   846
           D:7 |       0 |    1992 |   0.0 |       0 |      27 |   0.0 |  1250
           D:8 |       0 |    4543 |   0.0 |       0 |      29 |   0.0 |  1474
           D:9 |       0 |    3633 |   0.0 |       0 |      27 |   0.0 |  1195
          D:10 |       0 |    1824 |   0.0 |       0 |      10 |   0.0 |   163
       Ossuary |       0 |     595 |   0.0 |       0 |      41 |   0.0 |   377
               +---------+---------+-------+---------+---------+-------+---------
